 Dungeon Crawl Stone Soup version 0.20.1-1-g8b1a95d (webtiles) character file.

84 dvd the Ruffian (level 4, -10/40 HPs)
             Began as a Troll Transmuter on Oct 9, 2017.
             Mangled by Sigmund
             ... wielding a +1 scythe of freezing
              (11 damage)
             ... on level 3 of the Dungeon.
             The game lasted 00:05:33 (2534 turns).

dvd the Ruffian (Troll Transmuter)                  Turns: 2534, Time: 00:05:34

Health: -10/40     AC:  5    Str: 18    XL:     4   Next: 23%
Magic:  4/5        EV: 10    Int: 15    God:
Gold:   101        SH:  0    Dex: 10    Spells: 5/6 levels left

rFire    . . .     SeeInvis .     - Unarmed
rCold    . . .     Gourm    +   (no shield)
rNeg     . . .     Faith    .   b - +0 robe
rPois    .         Spirit   .   (helmet restricted)
rElec    .         Reflect  .   (no cloak)
rCorr    .         Harm     .   (gloves unavailable)
MR       .....                  (boots unavailable)
Stlth    +.........             (no amulet)
Regen    0.6/turn               (no ring)
MPRegen  0.1/turn               (no ring)

@: brilliant, lethally poisoned (-10 -> -11), appendage (expiring), hasted, very
quick
A: unfitting armour, claws 3, talons 3, fast metabolism 3, gourmand,
regeneration 1, shaggy fur 1, tough skin 2
a: End Transformation


You were on level 3 of the Dungeon.
You were completely stuffed.
You had grown temporary talons.
You visited 1 branch of the dungeon, and saw 3 of its levels.

You collected 101 gold pieces.

Inventory:

Missiles
 a - 12 arrows
Armour
 b - a +0 robe (worn)
Jewellery
 i - an uncursed ring of fire
 k - an uncursed ring of fire
Scrolls
 f - a scroll of teleportation {unknown}
 h - a scroll of recharging {unknown}
 o - a scroll of amnesia {unknown}
 p - 2 scrolls of identify {unknown}
 q - a scroll of random uselessness {unknown}
 r - a scroll of enchant weapon {unknown}
 t - a scroll of blinking {unknown}
Potions
 e - a potion of agility {unknown}
 g - a potion of invisibility {unknown}
 j - a potion of mutation {unknown}
 l - a potion of haste
 m - a potion of berserk rage {unknown}
 u - a potion of brilliance
Books
 c - a book of Changes

   Spells                             Type                      Level
   a - Beastly Appendage              Transmutation                1
   b - Sticks to Snakes               Transmutation                2
   c - Spider Form                    Transmutation/Poison         3
   d - Ice Form                       Ice/Transmutation            4
   e - Blade Hands                    Transmutation                5
Comestibles
 d - 3 bread rations
 n - 2 fruits
 s - 2 chunks of flesh
 v - a royal jelly


   Skills:
 + Level 0.7 Fighting
 + Level 1.8 Dodging
 + Level 0.1 Stealth
 + Level 4.4 Unarmed Combat
 + Level 1.5 Spellcasting
 + Level 1.6 Transmutations


You had 5 spell levels left.
You knew the following spells:

 Your Spells              Type           Power        Failure   Level  Hunger
a - Beastly Appendage     Tmut           ###...       1%          1    ##.....


Dungeon Overview and Level Annotations

Branches:
Dungeon (3/15)

Altars:
Dithmenos

Annotations:
D:3 Sigmund


Innate Abilities, Weirdness & Mutations

You are too large for most types of armour.
You have claws for hands.
Your metabolism is lightning-fast.
You like to eat raw meat.
Your natural rate of healing is unusually fast.
You are covered in fur. (AC +1)
You have very tough skin. (AC +2)
You have claws for feet.


Message History

The orc throws a poisoned tomahawk.
The poisoned tomahawk hits you.
You are poisoned.
Something hits you.
* * * LOW HITPOINT WARNING * * *
Something freezes you.
* * * LOW HITPOINT WARNING * * *
You claw something! Your kick misses something.
You feel sick. Something hits you.
* * * LOW HITPOINT WARNING * * *
Something freezes you.
* * * LOW HITPOINT WARNING * * *
Unknown command.
It was a potion of haste.
You feel yourself speed up.
* * * LOW HITPOINT WARNING * * *
You feel sick.
It was a potion of brilliance.
You feel clever all of a sudden.
* * * LOW HITPOINT WARNING * * *
You feel sick. Something hits you!
You die...

# #....###### #.## #
###########.######## #.## #
#..).>.............######.##
#
#.#########)######.....>....
# #.# #.# ##......... # #.#
#.# #.#####.## # #.#
#.#######.# #.## # #.#
#......)..# #.## # #.#
#@######### #.## ## #.# #{#
..## .#####.#


#ol #.## .......# ..## #.## .####..# ..# ## #..# #..# # #..# #.%. # #.## #.##
#####.# You could see an orc and a leopard gecko (wandering).

Vanquished Creatures
  3 oozes (D:1)
  4 worms
  2 leopard geckos (D:1)
  An orc (D:3)
  6 bats
  A giant cockroach (D:3)
  6 goblins
  9 hobgoblins
  8 kobolds
  A quokka (D:2)
  A ball python (D:3)
  3 frilled lizards
  12 rats
57 creatures vanquished.

Notes
Turn   | Place    | Note
-------+----------+-------------------------------------------
     0 | D:1      | dvd the Troll Transmuter began the quest for the Orb.
     0 | D:1      | Reached XP level 1. HP: 18/18 MP: 1/1
    49 | D:1      | Reached XP level 2. HP: 26/26 MP: 3/3
   269 | D:1      | Reached XP level 3. HP: 32/32 MP: 4/4
   818 | D:1      | Reached skill level 4 in Unarmed Combat
  1113 | D:2      | Found a shadowy altar of Dithmenos.
  2060 | D:3      | Noticed Sigmund
  2167 | D:3      | Reached XP level 4. HP: 40/40 MP: 5/5
  2532 | D:3      | HP: 2/40 [something (2)]
  2534 | D:3      | Mangled by Sigmund

Skill      XL: |  1  2  3 |
---------------+----------+-----
Unarmed Combat | 4 |  4.4
Fighting       | |  0.7
Dodging        | |  1.8
Stealth        | |  0.1
Spellcasting   | |  1.5
Transmutations | |  1.6

Action                   |  1- 3 |  4- 6 || total
-------------------------+-------+-------++-------
Melee: Unarmed           |   121 |    27 ||   148
       Kick              |       |     1 ||     1
       Headbutt          |       |     1 ||     1
 Cast: Beastly Appendage |     9 |     3 ||    12
  Use: Potion            |       |     2 ||     2
  Eat: Chunk             |    17 |    12 ||    29
Armor: Robe              |    49 |     7 ||    56
Dodge: Dodged            |    51 |     8 ||    59
